 Dungeon Crawl Stone Soup version 0.26.1-10-gdfb7c7de75 (webtiles) character file.

Game seed: 7385434694256526831

340 sankara the Chopper (level 6, -4/56 HPs)
             Began as a Minotaur Fighter on Apr 7, 2021.
             Killed by divine providence
             ... invoked by an orc priest
              (13 damage)
             ... on level 3 of the Dungeon.
             The game lasted 00:04:19 (2123 turns).

sankara the Chopper (Minotaur Fighter)              Turns: 2123, Time: 00:04:20

Health: -4/56      AC:  7    Str: 20    XL:     6   Next: 30%
Magic:  5/5        EV:  7    Int:  5    God:
Gold:   150        SH: 10    Dex: 12    Spells: 5/5 levels left

rFire    . . .     SeeInvis .   a - +0 war axe
rCold    . . .     Faith    .   c - +0 kite shield
rNeg     . . .     Spirit   .   b - +0 scale mail
rPois    .         Reflect  .   (helmet restricted)
rElec    .         Harm     .   (no cloak)
rCorr    .         Rampage  .   (no gloves)
Will     .....                  (no boots)
Stlth    ..........             (no amulet)
HPRegen  0.18/turn              (no ring)
MPRegen  0.09/turn              (no ring)

@: no status effects
A: retaliatory headbutt, horns 2
a: no special abilities


You were on level 3 of the Dungeon.
You visited 1 branch of the dungeon, and saw 3 of its levels.

You collected 150 gold pieces.

Inventory:

Hand Weapons
 a - a +0 war axe (weapon)
 q - a +0 hunting sling
Missiles
 h - 67 stones (quivered)
 j - 15 poisoned darts
 p - 44 sling bullets
Armour
 b - a +0 scale mail (worn)
 c - a +0 kite shield (worn)
Wands
 t - a wand of iceblast (11)
Scrolls
 f - a scroll of magic mapping {unknown}
 g - 3 scrolls of random uselessness {unknown}
 i - 4 scrolls of identify {unknown}
 k - a scroll of immolation {unknown}
 n - a scroll of blinking {unknown}
Potions
 d - a potion of might
 e - a potion of degeneration {unknown}
 l - a potion of resistance {unknown}
 m - a potion of cancellation {unknown}
 o - a potion of attraction {unknown}
 r - a potion of ambrosia {unknown}
 s - 2 potions of invisibility {unknown}


   Skills:
 + Level 5.0 Fighting
 * Level 5.4 Axes
 + Level 5.0 Armour
 + Level 5.0 Shields


You had 5 spell levels left.
You didn't know any spells.
Your spell library was empty.

Dungeon Overview and Level Annotations

Branches:
Dungeon (3/15)

Altars:
Dithmenos
Vehumet


Innate Abilities, Weirdness & Mutations

You reflexively headbutt those who attack you in melee.
You have a pair of horns on your head.


Message History

You hit the orc wizard but do no damage.
The orc wizard barely misses you. You furiously retaliate!
You headbutt the orc wizard, but do no damage.
You block the orc priest's attack.
You closely miss the orc priest.
The orc priest is moderately wounded.
Your shield and scale mail prevent you from hitting the orc wizard.
The orc wizard hits you but does no damage.
The orc priest hits you but does no damage.
Unknown command.
You slash the orc priest!
The orc priest is severely wounded.
You hit the orc wizard.
The orc priest calls upon Beogh to heal the orc wizard.
The orc wizard's wounds heal themselves!
You block the orc wizard's attack.
The orc wizard hits you but does no damage.
The orc priest invokes the aid of Beogh against you.
Beogh smites you!
You die...

. .. ... ############# ....
##.....#.....## .....
##.............## ......#####
#...............#
..........######...............#
.......##......oo..............#
....... ########@..............#
<.....#.########...............##
......#....†...##................
.oo..(########..##........###+###
..o.. ##...###.#)#.# #.# # .....
###.###.#...###.###
#...#.....'.._###
###...>#..###.### ##...#..# #)# #


You could see an orc priest and an orc wizard.

Vanquished Creatures
  Sigmund (D:3)
  A scorpion (D:2)
  An orc wizard (D:3)
  Robin (D:3)
  3 adders
  A worm (D:2)
  3 leopard geckos
  3 orcs
  2 giant cockroaches (D:1)
  16 goblins
  14 hobgoblins
  4 jackals (D:2)
  4 bats
  2 frilled lizards
  7 kobolds
  6 rats
69 creatures vanquished.

Vanquished Creatures (others)
  A plant (D:2)
1 creature vanquished.

Grand Total: 70 creatures vanquished

Notes
Turn   | Place    | Note
-------+----------+-------------------------------------------
     0 | D:1      | sankara the Minotaur Fighter began the quest for the Orb.
     0 | D:1      | Reached XP level 1. HP: 19/19 MP: 0/0
   280 | D:1      | Reached XP level 2. HP: 27/27 MP: 1/1
   562 | D:1      | Reached XP level 3. HP: 33/33 MP: 2/2
   937 | D:2      | Noticed a scorpion
   948 | D:2      | Killed a scorpion
   949 | D:2      | Reached XP level 4. HP: 23/40 MP: 3/3
  1090 | D:2      | Found a shadowy altar of Dithmenos.
  1635 | D:3      | Noticed Robin
  1643 | D:3      | Killed Robin
  1650 | D:3      | Reached XP level 5. HP: 22/47 MP: 4/4
  1933 | D:3      | Found a radiant altar of Vehumet.
  1991 | D:3      | Noticed Sigmund
  1997 | D:3      | Killed Sigmund
  1998 | D:3      | Reached skill level 5 in Axes
  1998 | D:3      | Reached XP level 6. HP: 42/55 MP: 5/5
  2115 | D:3      | Reached skill level 5 in Fighting
  2115 | D:3      | Reached skill level 5 in Armour
  2115 | D:3      | Reached skill level 5 in Shields
  2123 | D:3      | Killed from afar by an orc priest

Illustrated notes

Levels and vault maps discovered:
D:1:      kennysheep_arrival_forest, layout_basic
D:2:      layout_rooms, grunt_dithmenos_smoke_and_mirrors, grunt_ministairs_15,
          small_statue_intersection, serial_bayou_pond_e
D:3:      layout_rooms, lemuel_doored_altar, minivault_14, uniq_sigmund,
          uniq_robin

Skill      XL: |  1  2  3  4  5  6 |
---------------+-------------------+-----
Axes           | 3 4 5 |  5.4
Shields        | 4 5 |  5.0
Armour         | 4 5 |  5.0
Fighting       | 4 5 |  5.0

Action                   |  1- 3 |  4- 6 || total
-------------------------+-------+-------++-------
Melee: War axe           |    56 |    84 ||   140
       Headbutt          |    13 |    11 ||    24
Armor: Scale mail        |    17 |    33 ||    50
Dodge: Dodged            |    15 |    25 ||    40
Block: Kite shield       |    21 |    55 ||    76
